Workbook
Name Kontrollkästchen1: Checkliste!#REF!
Name Passivhaus: [1]Gebäude!$AK$8:$AK$9

Sheet Antrag
D3: Antrag auf | AU3: Hinweis zur Bearbeitung des Förderantrags: Um die Bearbeitung zu erleichtern, gehen Sie bitte wie folgt vor: 1. Einstieg auf der Seite „Antrag“: Füllen Sie zunächst die Felder 1–3 auf dieser Seite aus. 2. Sachliche Angaben zum Vorhaben. Bearbeiten Sie anschließend nacheinander: - Antragsteller – Grundstück - Gebäude-3 für Wohngemeinschaften - Gebäude-3a für Einzelappartements 3. Finanzierungsbausteine wählen: Wechseln Sie danach zurück auf die Seite „Antrag“ und wählen Sie Ihre Finanzierungsbausteine aus. 4. Kosten und Wirtschaftlichkeit erfassen. Im nächsten Schritt bearbeiten Sie: - Kosten und Finanzierung - Wirtschaftlichkeitsberechnung 5. Vollständigkeit vor Einreichung sicherstellen. Wenn alle Eingaben final sind, - ergänzen Sie bitte die Erklärungen, - prüfen Sie die Checkliste, ob alle Unterlagen für die endgültige Einreichung vorliegen. 6. Unterlagen für die Einreichung vorbereiten. Ist Ihr Paket final, - wandeln Sie die Arbeitsmappe bei Bedarf in ein PDF um und drucken dieses aus, - holen Sie die Originalunterschriften ein und leiten Sie den Antrag an Ihre zuständige Wohnraumförderstelle weiter. Ein direkter Druck aus der Arbeitsmappe ist ebenfalls möglich; achten Sie dabei bitte auf die Sortierreihenfolge der Ausdrucke. 7. Navigation im Formular: - Zwischen nahe beieinanderliegenden Eingabefeldern können Sie komfortabel mit der Tab-Taste springen. - Für weiter entfernte Abschnitte nutzen Sie bitte den Mausklick.
D4: Mietwohnungsbauförderung
D5: für studentische Haushalte und
D6: Haushalte von Auszubildenden | AS6: 3 | AT6: 3
D7: ab Programmjahr 06.2026
D8: Antragsnummer:
AS10: 25 Jahre
AQ11: FALSE | AS11: 40 Jahre
D12: 1. Antragsteller/in | W12: 3 a. Betreuer/in oder Beauftragte/r | AP12: FALSE | AQ12: FALSE
AP13: FALSE
D14: Name, Vorname / Firma | W14: Name, Vorname / Firma | AP14: TRUE
AS15: =IF(AS6=3,0,1) -> 0
D16: Straße, Hausnummer | W16: Telefon / Beruf / Titel | AS16: =IF(AT6=3,0,1) -> 0
AS17: Bitte Bindungsdauer wählen.
D18: PLZ Ort | W18: E-Mail-Adresse | AP18: FALSE
D20: Telefon
D22: E-Mail-Adresse
D23: 2. Bauort / Grundstück | W23: 3 b. Korrespondenzadresse
D25: PLZ | F25: Ort | W25: PLZ | Y25: Ort
D27: Straße, Hausnummer | W27: Straße, Hausnummer
B33: 4. | D33: Für das vorstehend bezeichnete und in den Anlagen näher beschriebene | AD33: Beträge in €
I34: TRUE
D35: Förderobjekt/Bauvorhaben wird/werden beantragt:
D36: Bitte Kontrollkästen bei den gewünschten Finanzierungsbausteinen anklicken!
B38: 4.1 | D38: FALSE | E38: Baudarlehen für den Neubau von Wohnraum für Studentisches Wohnen und/oder | AD38: =IF(D38=TRUE,'Gebäude-3'!$O$64,"") | AL38: =IF(OR(D38=FALSE,AS15=0),"*1","") -> *1 | AU38: =IF(OR(AD38="",'Gebäude-3'!$O$64=0),"",IF(AD38<>'Gebäude-3'!$O$64,"Sie haben eine manuelle Eingabe getätigt, bitte überprüfen Sie den Wert, da der automatische Übertrag gelöscht ist.",""))
E39: Haushalte der Berufsausbildung | AD39: =IF(D38=TRUE,$AD$38,"") | AL39: =IF(AD39="","",IF(AD39<>'Gebäude-3'!$O$64,"!",""))
E40: Bindung | H40: =IF(AS6=1,25,IF(AS6=2,40,"")) | I40: Jahre | Q40: =AL38 -> *1 | R40: =IF(Q40="*1","Bitte zuerst die Angaben auf den Seiten 3 / 3a ergänzen. Dann hier ankreuzen und Bindungsdauer wählen!","") -> Bitte zuerst die Angaben auf den Seiten 3 / 3a ergänzen. Dann hier ankreuzen und Bindungsdauer wählen!
AD41: =IF(AD39<=0,"Förderbeträge werden errechnet!", "")
E42: ergänzender Finanzierungszuschuss | AD42: =IF($AD$39="","",IF($AS$6=1,$AD$39*0.25,IF($AS$6=2,$AD$39*0.4,""))) | AL42: =AL39 | AM42: =IF(AD42="","",IF(N(AD42)<>'Kosten und Finanzierung'!T40, "!",""))
B44: 4.11 | D44: FALSE | E44: Bei diesem Antrag handelt es sich um Maßnahmen in Bestandsgebäuden | AU44: =IF(D44=TRUE,"Bitte ergänzen Sie die Anlage Bestandsgebäude!","")
B45: 4.2 | D45: Der Wohnraum ist primär vorgesehen für
E46: FALSE | F46: Studierende | AU46: =IF(AND(D38,NOT(OR(E46,E47))),"Bitte kennzeichen Sie hier die geplante Belegung (Studierende oder Auszubildende).","")
E47: FALSE | F47: Auszubildende
A48: Antragsvordruck: Stand 21.10.2026 | B48: 4.3 | D48: FALSE | E48: KfW-Darlehen "KFN Klimafreundlicher Neubau Wohngebäude" | AD48: Betrag in €
E49: (ggf. mit Bürgschaft des Landes Hessen)
E50: =IF(D48,"- Bitte wählen Sie Effizienzhaus und Laufzeit aus:"," ") | AQ50: KFWG | AR50: 10
J51: Effizienzhaus: | R51: Typ | AQ51: KFWG-Q | AR51: 25
J52: Darlehenslaufzeit: | R52: Jahre | AC52: =IF($AD$51>0,"- Bitte Betrag und Konditionen unter Kosten- und Finanzierung, 9.1 ergänzen!", " ") | AQ52: EH 55 - WG | AR52: 35
J53: Tilgungsfreie Zeit: | R53: Jahre
E54: =IF($D$48=TRUE,"- Bitte tilgungsfreie Zeit gem. Produktoption eingeben", " ") | AC54: =IF(AND($D$48=TRUE,$AD$51<=0), "- Bitte erfassen Sie Ihren Darlehenbetrag!", " ")
B56: 4.4 | D56: FALSE
E57: (ggf. mit Bürgschaft des Landes Hessen) | AC57: =IF($AD$56>0,"- Bitte Betrag und Konditionen unter Kosten- und Finanzierung, 9.1 ergänzen!", " ")
E58: =IF($D$56,"- Bitte erfassen Sie Ihr gewünschte Kreditform!"," ")
B59: Antragsteller: | G59: =IF($D$13="","",$D$13) | AG59: Seite 1 von Seite 8

Sheet Antragsteller-Grundstück
B2: 5. | C2: Informationen zum Antragssteller
C4: Antragsteller/in ist/sind:
I5: =IF(G6, "Haben sich Ihre Daten seit letzter Antragstellung geändert?", " ")
C6: Sie sind bereits Bestandskunde bei der WIBank? - ja | G6: FALSE | K6: =IF(I5<>" ", "Ja", " ") | L6: FALSE | M6: =IF(I5<>" ", "Nein", " ") | N6: FALSE
C7: =IF(N6, "Vielen Dank, Ihre Informationen liegen uns bereits vor, die Tabelle ist nicht zu befüllen", "Bitte ergänzen Sie diese Tabelle") -> Bitte ergänzen Sie diese Tabelle
C8: Rolle: bitte auswählen | E8: Name | I8: Vorname | K8: Geb.Datum | L8: Straße, Hausnummer PLZ, Ort
C15: Bitte beachten Sie, dass weitere Nachweise für die Prüfung der Kreditwürdigkeit nötig sind.
C16: Bitte nutzen Sie dafür die Checkliste und reichen die entsprechenden Informationen direkt bei Antragstellung mit ein.
B18: 6. | C18: Ergänzende Angaben zum Bauort/Grundstück
B20: 6.1 | C20: Kaufvertrag abgeschlossen am: | J20: Erbbaurecht bestellt bis zum Jahr:
B22: 6.2 | C22: eingetragen beim Amtsgericht
C23: in | J23: im Grundbuch von
C25: Blatt | F25: BV-Nr. | I25: Flur | K25: Flurstück | M25: Größe | O25: m²
C26: Blatt | F26: BV-Nr. | I26: Flur | K26: Flurstück | M26: Größe | O26: m²
C27: Blatt | F27: BV-Nr. | I27: Flur | K27: Flurstück | M27: Größe | O27: m²
C29: Größe des Baugrundstückes: | N29: =IF(SUM($M$25:$N$27)=0,"",SUM($M$25:$N$27)) | O29: m²
B31: 6.3 | C31: Belastungen im Grundbuch:
C33: Abt. II Nr. | F33: Recht:
C35: Abt. II Nr. | F35: Recht:
C37: Abt. III Nr. | F37: EUR | K37: für
C39: Abt. III Nr. | F39: EUR | K39: für
C41: Abt. III Nr. | F41: EUR | K41: für
B43: 6.4 | C43: Bestehende Objektfinanzierungsmittel (vor-, gleich- und nachrangige)
A45: =TODAY() -> 46316 | C45: Darlehensgeber | F45: Nominalkapital (€) | J45: Restkapital (€) | L45: Sollzinssatz (%) | M45: Tilgungssatz (%) | N45: aktuelle Rate p.a. (€)
B46: 6.4.1
B47: 6.4.2
B48: 6.4.3
B49: 6.4.4
B50: 6.4.5
C51: Zinsbindung bis TT.MM.JJJJ | F51: grundbuchliche Sicherung | I51: sonstige Sicherheit | J51: weitere Erläuterungen:
F52: ja | G52: nein | J52: Bitte beschreiben Sie hier, falls Veränderungen (z.B. Ablösung, Rückzahlung, etc. geplant sind)
B53: 6.4.1 | F53: FALSE | G53: FALSE | I53: FALSE
B54: 6.4.2 | F54: FALSE | G54: FALSE | I54: FALSE
B55: 6.4.3 | F55: FALSE | G55: FALSE | I55: FALSE
B56: 6.4.4 | F56: FALSE | G56: FALSE | I56: FALSE
B57: 6.4.5 | F57: FALSE | G57: FALSE | I57: FALSE
C58: Hinweis: Bitte ergänzen Sie auf der Kosten- und Finanzierungsseite die weiterhin bestehenden Verbindlichkeiten (Restkapital, sofern diese direkt dem Neuantrag zuzuordnen sind). Bei Fragen wenden Sie sich an Ihren Sachbearbeiter.
B60: Antragsteller: | D60: =IF(Antrag!D13="","",Antrag!D13) | N60: Seite 2 von Seite 8

Sheet Gebäude-3
C2: 7. | D2: Gebäudebeschreibung
D3: Baubeginn und Bauweise (s. Checkliste) von Wohnungen und Appartements zur Unterbringung von Studierenden/Auszubildenden.
C4: 7.1 | D4: Mit dem Bau wird/wurde begonnen am: | L4: die Bezugsfertigkeit ist vorgesehen bis zum:
C5: 7.2 | D5: Aufstellung der Wohneinheiten, die zur Förderberechnung dienen / Seite 3 Wohngemeinschaften / Seite 3a Einzelappartements
D6: Hinweis: Bitte erfassen Sie zu jeder einzelnen Wohnung: - Lage im Gebäude = Stockwerk und - Wohnungsnummer = WE-Nr. gem. Raumbuch oder Grundrissplänen. Bitte die Wohnungsgröße gem. WoFl-Verordnung angeben. So kann Ihr Antrag schneller und einfacher bearbeitet werden. Danke.
D8: Welche Miete wird pro m² gem. Mittelzuteilung angesetzt? | N8: =IF($L$8>11.5,"max. 11,50 €/m² - bitte prüfen","")
D9: Welche Pauschale für Möblierung/Schönheitsreparaturen wird angesetzt? | N9: =IF($L$9>2.5,"max. 2,50 €/m² - bitte prüfen","")
C11: Stockwerk | D11: WE-Nr. | E11: A) Wohngemeinschaften | K11: Stockwerk | L11: WE-Nr. | M11: A) Wohngemeinschaften
E12: Anzahl Wohnplätze in WG | F12: Wohnfläche in m² gem. WoFlV, gesamt | G12: max. für Mietansatz (m²) | H12: Miete pro m² | I12: Pauschale/m² | M12: Anzahl Wohnplätze in WG | N12: Wohnfläche in m² gem. WoFlV, gesamt | O12: max. für Mietansatz (m²) | P12: Miete pro m² | Q12: Pauschale/m² | T12: Gegentest Miete 1 | U12: Gegentest Pauschale 1 | V12: Darlehensanspruch 1. Wohnplatz | W12: Darlehensanspruch ab 2. Wohnplatz | X12: Darlehensanspruch diese WG | Z12: Gegentest Miete 2 | AA12: Gegentest Pauschale 2 | AB12: Darlehensanspruch 1. Wohnplatz | AC12: Darlehensanspruch ab 2. Wohnplatz | AD12: Darlehensanspruch diese WG
V13: Darlehensanspruch 1. Wohnplat | W13: Darlehensanspruch 1. Wohnplat | X13: Darlehensanspruch 1. Wohnplat | AB13: Darlehensanspruch 1. Wohnplat | AC13: Darlehensanspruch 1. Wohnplat | AD13: Darlehensanspruch 1. Wohnplat
G14: =IF(OR(E14="",F14=""),"",(IF(F14<E14*25,F14,E14*25))) | H14: =IF(OR(E14="",F14=""),"",(G14*$L$8/F14)) | I14: =IF(OR(E14="",F14=""),"",(G14*$L$9/F14)) | O14: =IF(OR(M14="",N14=""),"",(IF(N14<M14*25,N14,M14*25))) | P14: =IF(OR(M14="",N14=""),"",(O14*$L$8/N14)) | Q14: =IF(OR(M14="",N14=""),"",(O14*$L$9/N14)) | T14: =IFERROR((G14*$L$8), "") | U14: =IFERROR((G14*$L$9), "") | V14: =IF(OR(E14="",F14=""),"",70000) | W14: =IF(OR(E14="",F14=""),"",(E14-1)*55000) | X14: =SUM(V14:W14) -> 0 | Z14: =IFERROR((O14*$L$8), "") | AA14: =IFERROR((O14*$L$9), "") | AB14: =IF(OR(M14="",N14=""),"",70000) | AC14: =IF(OR(M14="",N14=""),"",(M14-1)*55000) | AD14: =SUM(AB14:AC14) -> 0
G15: =IF(OR(E15="",F15=""),"",(IF(F15<E15*25,F15,E15*25))) | H15: =IF(OR(E15="",F15=""),"",(G15*$L$8/F15)) | I15: =IF(OR(E15="",F15=""),"",(G15*$L$9/F15)) | O15: =IF(OR(M15="",N15=""),"",(IF(N15<M15*25,N15,M15*25))) | P15: =IF(OR(M15="",N15=""),"",(O15*$L$8/N15)) | Q15: =IF(OR(M15="",N15=""),"",(O15*$L$9/N15)) | T15: =IFERROR((G15*$L$8), "") | U15: =IFERROR((G15*$L$9), "") | V15: =IF(OR(E15="",F15=""),"",70000) | W15: =IF(OR(E15="",F15=""),"",(E15-1)*55000) | X15: =SUM(V15:W15) -> 0 | Z15: =IFERROR((O15*$L$8), "") | AA15: =IFERROR((O15*$L$9), "") | AB15: =IF(OR(M15="",N15=""),"",70000) | AC15: =IF(OR(M15="",N15=""),"",(M15-1)*55000) | AD15: =SUM(AB15:AC15) -> 0
G16: =IF(OR(E16="",F16=""),"",(IF(F16<E16*25,F16,E16*25))) | H16: =IF(OR(E16="",F16=""),"",(G16*$L$8/F16)) | I16: =IF(OR(E16="",F16=""),"",(G16*$L$9/F16)) | O16: =IF(OR(M16="",N16=""),"",(IF(N16<M16*25,N16,M16*25))) | P16: =IF(OR(M16="",N16=""),"",(O16*$L$8/N16)) | Q16: =IF(OR(M16="",N16=""),"",(O16*$L$9/N16)) | T16: =IFERROR((G16*$L$8), "") | U16: =IFERROR((G16*$L$9), "") | V16: =IF(OR(E16="",F16=""),"",70000) | W16: =IF(OR(E16="",F16=""),"",(E16-1)*55000) | X16: =SUM(V16:W16) -> 0 | Z16: =IFERROR((O16*$L$8), "") | AA16: =IFERROR((O16*$L$9), "") | AB16: =IF(OR(M16="",N16=""),"",70000) | AC16: =IF(OR(M16="",N16=""),"",(M16-1)*55000) | AD16: =SUM(AB16:AC16) -> 0
G17: =IF(OR(E17="",F17=""),"",(IF(F17<E17*25,F17,E17*25))) | H17: =IF(OR(E17="",F17=""),"",(G17*$L$8/F17)) | I17: =IF(OR(E17="",F17=""),"",(G17*$L$9/F17)) | O17: =IF(OR(M17="",N17=""),"",(IF(N17<M17*25,N17,M17*25))) | P17: =IF(OR(M17="",N17=""),"",(O17*$L$8/N17)) | Q17: =IF(OR(M17="",N17=""),"",(O17*$L$9/N17)) | T17: =IFERROR((G17*$L$8), "") | U17: =IFERROR((G17*$L$9), "") | V17: =IF(OR(E17="",F17=""),"",70000) | W17: =IF(OR(E17="",F17=""),"",(E17-1)*55000) | X17: =SUM(V17:W17) -> 0 | Z17: =IFERROR((O17*$L$8), "") | AA17: =IFERROR((O17*$L$9), "") | AB17: =IF(OR(M17="",N17=""),"",70000) | AC17: =IF(OR(M17="",N17=""),"",(M17-1)*55000) | AD17: =SUM(AB17:AC17) -> 0
G18: =IF(OR(E18="",F18=""),"",(IF(F18<E18*25,F18,E18*25))) | H18: =IF(OR(E18="",F18=""),"",(G18*$L$8/F18)) | I18: =IF(OR(E18="",F18=""),"",(G18*$L$9/F18)) | O18: =IF(OR(M18="",N18=""),"",(IF(N18<M18*25,N18,M18*25))) | P18: =IF(OR(M18="",N18=""),"",(O18*$L$8/N18)) | Q18: =IF(OR(M18="",N18=""),"",(O18*$L$9/N18)) | T18: =IFERROR((G18*$L$8), "") | U18: =IFERROR((G18*$L$9), "") | V18: =IF(OR(E18="",F18=""),"",70000) | W18: =IF(OR(E18="",F18=""),"",(E18-1)*55000) | X18: =SUM(V18:W18) -> 0 | Z18: =IFERROR((O18*$L$8), "") | AA18: =IFERROR((O18*$L$9), "") | AB18: =IF(OR(M18="",N18=""),"",70000) | AC18: =IF(OR(M18="",N18=""),"",(M18-1)*55000) | AD18: =SUM(AB18:AC18) -> 0
G19: =IF(OR(E19="",F19=""),"",(IF(F19<E19*25,F19,E19*25))) | H19: =IF(OR(E19="",F19=""),"",(G19*$L$8/F19)) | I19: =IF(OR(E19="",F19=""),"",(G19*$L$9/F19)) | O19: =IF(OR(M19="",N19=""),"",(IF(N19<M19*25,N19,M19*25))) | P19: =IF(OR(M19="",N19=""),"",(O19*$L$8/N19)) | Q19: =IF(OR(M19="",N19=""),"",(O19*$L$9/N19)) | T19: =IFERROR((G19*$L$8), "") | U19: =IFERROR((G19*$L$9), "") | V19: =IF(OR(E19="",F19=""),"",70000) | W19: =IF(OR(E19="",F19=""),"",(E19-1)*55000) | X19: =SUM(V19:W19) -> 0 | Z19: =IFERROR((O19*$L$8), "") | AA19: =IFERROR((O19*$L$9), "") | AB19: =IF(OR(M19="",N19=""),"",70000) | AC19: =IF(OR(M19="",N19=""),"",(M19-1)*55000) | AD19: =SUM(AB19:AC19) -> 0
G20: =IF(OR(E20="",F20=""),"",(IF(F20<E20*25,F20,E20*25))) | H20: =IF(OR(E20="",F20=""),"",(G20*$L$8/F20)) | I20: =IF(OR(E20="",F20=""),"",(G20*$L$9/F20)) | O20: =IF(OR(M20="",N20=""),"",(IF(N20<M20*25,N20,M20*25))) | P20: =IF(OR(M20="",N20=""),"",(O20*$L$8/N20)) | Q20: =IF(OR(M20="",N20=""),"",(O20*$L$9/N20)) | T20: =IFERROR((G20*$L$8), "") | U20: =IFERROR((G20*$L$9), "") | V20: =IF(OR(E20="",F20=""),"",70000) | W20: =IF(OR(E20="",F20=""),"",(E20-1)*55000) | X20: =SUM(V20:W20) -> 0 | Z20: =IFERROR((O20*$L$8), "") | AA20: =IFERROR((O20*$L$9), "") | AB20: =IF(OR(M20="",N20=""),"",70000) | AC20: =IF(OR(M20="",N20=""),"",(M20-1)*55000) | AD20: =SUM(AB20:AC20) -> 0
G21: =IF(OR(E21="",F21=""),"",(IF(F21<E21*25,F21,E21*25))) | H21: =IF(OR(E21="",F21=""),"",(G21*$L$8/F21)) | I21: =IF(OR(E21="",F21=""),"",(G21*$L$9/F21)) | O21: =IF(OR(M21="",N21=""),"",(IF(N21<M21*25,N21,M21*25))) | P21: =IF(OR(M21="",N21=""),"",(O21*$L$8/N21)) | Q21: =IF(OR(M21="",N21=""),"",(O21*$L$9/N21)) | T21: =IFERROR((G21*$L$8), "") | U21: =IFERROR((G21*$L$9), "") | V21: =IF(OR(E21="",F21=""),"",70000) | W21: =IF(OR(E21="",F21=""),"",(E21-1)*55000) | X21: =SUM(V21:W21) -> 0 | Z21: =IFERROR((O21*$L$8), "") | AA21: =IFERROR((O21*$L$9), "") | AB21: =IF(OR(M21="",N21=""),"",70000) | AC21: =IF(OR(M21="",N21=""),"",(M21-1)*55000) | AD21: =SUM(AB21:AC21) -> 0
G22: =IF(OR(E22="",F22=""),"",(IF(F22<E22*25,F22,E22*25))) | H22: =IF(OR(E22="",F22=""),"",(G22*$L$8/F22)) | I22: =IF(OR(E22="",F22=""),"",(G22*$L$9/F22)) | O22: =IF(OR(M22="",N22=""),"",(IF(N22<M22*25,N22,M22*25))) | P22: =IF(OR(M22="",N22=""),"",(O22*$L$8/N22)) | Q22: =IF(OR(M22="",N22=""),"",(O22*$L$9/N22)) | T22: =IFERROR((G22*$L$8), "") | U22: =IFERROR((G22*$L$9), "") | V22: =IF(OR(E22="",F22=""),"",70000) | W22: =IF(OR(E22="",F22=""),"",(E22-1)*55000) | X22: =SUM(V22:W22) -> 0 | Z22: =IFERROR((O22*$L$8), "") | AA22: =IFERROR((O22*$L$9), "") | AB22: =IF(OR(M22="",N22=""),"",70000) | AC22: =IF(OR(M22="",N22=""),"",(M22-1)*55000) | AD22: =SUM(AB22:AC22) -> 0
G23: =IF(OR(E23="",F23=""),"",(IF(F23<E23*25,F23,E23*25))) | H23: =IF(OR(E23="",F23=""),"",(G23*$L$8/F23)) | I23: =IF(OR(E23="",F23=""),"",(G23*$L$9/F23)) | O23: =IF(OR(M23="",N23=""),"",(IF(N23<M23*25,N23,M23*25))) | P23: =IF(OR(M23="",N23=""),"",(O23*$L$8/N23)) | Q23: =IF(OR(M23="",N23=""),"",(O23*$L$9/N23)) | T23: =IFERROR((G23*$L$8), "") | U23: =IFERROR((G23*$L$9), "") | V23: =IF(OR(E23="",F23=""),"",70000) | W23: =IF(OR(E23="",F23=""),"",(E23-1)*55000) | X23: =SUM(V23:W23) -> 0 | Z23: =IFERROR((O23*$L$8), "") | AA23: =IFERROR((O23*$L$9), "") | AB23: =IF(OR(M23="",N23=""),"",70000) | AC23: =IF(OR(M23="",N23=""),"",(M23-1)*55000) | AD23: =SUM(AB23:AC23) -> 0
G24: =IF(OR(E24="",F24=""),"",(IF(F24<E24*25,F24,E24*25))) | H24: =IF(OR(E24="",F24=""),"",(G24*$L$8/F24)) | I24: =IF(OR(E24="",F24=""),"",(G24*$L$9/F24)) | O24: =IF(OR(M24="",N24=""),"",(IF(N24<M24*25,N24,M24*25))) | P24: =IF(OR(M24="",N24=""),"",(O24*$L$8/N24)) | Q24: =IF(OR(M24="",N24=""),"",(O24*$L$9/N24)) | T24: =IFERROR((G24*$L$8), "") | U24: =IFERROR((G24*$L$9), "") | V24: =IF(OR(E24="",F24=""),"",70000) | W24: =IF(OR(E24="",F24=""),"",(E24-1)*55000) | X24: =SUM(V24:W24) -> 0 | Z24: =IFERROR((O24*$L$8), "") | AA24: =IFERROR((O24*$L$9), "") | AB24: =IF(OR(M24="",N24=""),"",70000) | AC24: =IF(OR(M24="",N24=""),"",(M24-1)*55000) | AD24: =SUM(AB24:AC24) -> 0
G25: =IF(OR(E25="",F25=""),"",(IF(F25<E25*25,F25,E25*25))) | H25: =IF(OR(E25="",F25=""),"",(G25*$L$8/F25)) | I25: =IF(OR(E25="",F25=""),"",(G25*$L$9/F25)) | O25: =IF(OR(M25="",N25=""),"",(IF(N25<M25*25,N25,M25*25))) | P25: =IF(OR(M25="",N25=""),"",(O25*$L$8/N25)) | Q25: =IF(OR(M25="",N25=""),"",(O25*$L$9/N25)) | T25: =IFERROR((G25*$L$8), "") | U25: =IFERROR((G25*$L$9), "") | V25: =IF(OR(E25="",F25=""),"",70000) | W25: =IF(OR(E25="",F25=""),"",(E25-1)*55000) | X25: =SUM(V25:W25) -> 0 | Z25: =IFERROR((O25*$L$8), "") | AA25: =IFERROR((O25*$L$9), "") | AB25: =IF(OR(M25="",N25=""),"",70000) | AC25: =IF(OR(M25="",N25=""),"",(M25-1)*55000) | AD25: =SUM(AB25:AC25) -> 0
... G47: =IF(OR(E47="",F47=""),"",(IF(F47<E47*25,F47,E47*25))) | H47: =IF(OR(E47="",F47=""),"",(G47*$L$8/F47)) | I47: =IF(OR(E47="",F47=""),"",(G47*$L$9/F47)) | O47: =IF(OR(M47="",N47=""),"",(IF(N47<M47*25,N47,M47*25))) | P47: =IF(OR(M47="",N47=""),"",(O47*$L$8/N47)) | Q47: =IF(OR(M47="",N47=""),"",(O47*$L$9/N47)) | T47: =IFERROR((G47*$L$8), "") | U47: =IFERROR((G47*$L$9), "") | V47: =IF(OR(E47="",F47=""),"",70000) | W47: =IF(OR(E47="",F47=""),"",(E47-1)*55000) | X47: =SUM(V47:W47) -> 0 | Z47: =IFERROR((O47*$L$8), "") | AA47: =IFERROR((O47*$L$9), "") | AB47: =IF(OR(M47="",N47=""),"",70000) | AC47: =IF(OR(M47="",N47=""),"",(M47-1)*55000) | AD47: =SUM(AB47:AC47) -> 0
A48: =TODAY() -> 46316 | G48: =IF(OR(E48="",F48=""),"",(IF(F48<E48*25,F48,E48*25))) | H48: =IF(OR(E48="",F48=""),"",(G48*$L$8/F48)) | I48: =IF(OR(E48="",F48=""),"",(G48*$L$9/F48)) | O48: =IF(OR(M48="",N48=""),"",(IF(N48<M48*25,N48,M48*25))) | P48: =IF(OR(M48="",N48=""),"",(O48*$L$8/N48)) | Q48: =IF(OR(M48="",N48=""),"",(O48*$L$9/N48)) | T48: =IFERROR((G48*$L$8), "") | U48: =IFERROR((G48*$L$9), "") | V48: =IF(OR(E48="",F48=""),"",70000) | W48: =IF(OR(E48="",F48=""),"",(E48-1)*55000) | X48: =SUM(V48:W48) -> 0 | Z48: =IFERROR((O48*$L$8), "") | AA48: =IFERROR((O48*$L$9), "") | AB48: =IF(OR(M48="",N48=""),"",70000) | AC48: =IF(OR(M48="",N48=""),"",(M48-1)*55000) | AD48: =SUM(AB48:AC48) -> 0
G49: =IF(OR(E49="",F49=""),"",(IF(F49<E49*25,F49,E49*25))) | H49: =IF(OR(E49="",F49=""),"",(G49*$L$8/F49)) | I49: =IF(OR(E49="",F49=""),"",(G49*$L$9/F49)) | O49: =IF(OR(M49="",N49=""),"",(IF(N49<M49*25,N49,M49*25))) | P49: =IF(OR(M49="",N49=""),"",(O49*$L$8/N49)) | Q49: =IF(OR(M49="",N49=""),"",(O49*$L$9/N49)) | T49: =IFERROR((G49*$L$8), "") | U49: =IFERROR((G49*$L$9), "") | V49: =IF(OR(E49="",F49=""),"",70000) | W49: =IF(OR(E49="",F49=""),"",(E49-1)*55000) | X49: =SUM(V49:W49) -> 0 | Z49: =IFERROR((O49*$L$8), "") | AA49: =IFERROR((O49*$L$9), "") | AB49: =IF(OR(M49="",N49=""),"",70000) | AC49: =IF(OR(M49="",N49=""),"",(M49-1)*55000) | AD49: =SUM(AB49:AC49) -> 0
G50: =IF(OR(E50="",F50=""),"",(IF(F50<E50*25,F50,E50*25))) | H50: =IF(OR(E50="",F50=""),"",(G50*$L$8/F50)) | I50: =IF(OR(E50="",F50=""),"",(G50*$L$9/F50)) | O50: =IF(OR(M50="",N50=""),"",(IF(N50<M50*25,N50,M50*25))) | P50: =IF(OR(M50="",N50=""),"",(O50*$L$8/N50)) | Q50: =IF(OR(M50="",N50=""),"",(O50*$L$9/N50)) | T50: =IFERROR((G50*$L$8), "") | U50: =IFERROR((G50*$L$9), "") | V50: =IF(OR(E50="",F50=""),"",70000) | W50: =IF(OR(E50="",F50=""),"",(E50-1)*55000) | X50: =SUM(V50:W50) -> 0 | Z50: =IFERROR((O50*$L$8), "") | AA50: =IFERROR((O50*$L$9), "") | AB50: =IF(OR(M50="",N50=""),"",70000) | AC50: =IF(OR(M50="",N50=""),"",(M50-1)*55000) | AD50: =SUM(AB50:AC50) -> 0
G51: =IF(OR(E51="",F51=""),"",(IF(F51<E51*25,F51,E51*25))) | H51: =IF(OR(E51="",F51=""),"",(G51*$L$8/F51)) | I51: =IF(OR(E51="",F51=""),"",(G51*$L$9/F51)) | O51: =IF(OR(M51="",N51=""),"",(IF(N51<M51*25,N51,M51*25))) | P51: =IF(OR(M51="",N51=""),"",(O51*$L$8/N51)) | Q51: =IF(OR(M51="",N51=""),"",(O51*$L$9/N51)) | T51: =IFERROR((G51*$L$8), "") | U51: =IFERROR((G51*$L$9), "") | V51: =IF(OR(E51="",F51=""),"",70000) | W51: =IF(OR(E51="",F51=""),"",(E51-1)*55000) | X51: =SUM(V51:W51) -> 0 | Z51: =IFERROR((O51*$L$8), "") | AA51: =IFERROR((O51*$L$9), "") | AB51: =IF(OR(M51="",N51=""),"",70000) | AC51: =IF(OR(M51="",N51=""),"",(M51-1)*55000) | AD51: =SUM(AB51:AC51) -> 0
G52: =IF(OR(E52="",F52=""),"",(IF(F52<E52*25,F52,E52*25))) | H52: =IF(OR(E52="",F52=""),"",(G52*$L$8/F52)) | I52: =IF(OR(E52="",F52=""),"",(G52*$L$9/F52)) | O52: =IF(OR(M52="",N52=""),"",(IF(N52<M52*25,N52,M52*25))) | P52: =IF(OR(M52="",N52=""),"",(O52*$L$8/N52)) | Q52: =IF(OR(M52="",N52=""),"",(O52*$L$9/N52)) | T52: =IFERROR((G52*$L$8), "") | U52: =IFERROR((G52*$L$9), "") | V52: =IF(OR(E52="",F52=""),"",70000) | W52: =IF(OR(E52="",F52=""),"",(E52-1)*55000) | X52: =SUM(V52:W52) -> 0 | Z52: =IFERROR((O52*$L$8), "") | AA52: =IFERROR((O52*$L$9), "") | AB52: =IF(OR(M52="",N52=""),"",70000) | AC52: =IF(OR(M52="",N52=""),"",(M52-1)*55000) | AD52: =SUM(AB52:AC52) -> 0
G53: =IF(OR(E53="",F53=""),"",(IF(F53<E53*25,F53,E53*25))) | H53: =IF(OR(E53="",F53=""),"",(G53*$L$8/F53)) | I53: =IF(OR(E53="",F53=""),"",(G53*$L$9/F53)) | O53: =IF(OR(M53="",N53=""),"",(IF(N53<M53*25,N53,M53*25))) | P53: =IF(OR(M53="",N53=""),"",(O53*$L$8/N53)) | Q53: =IF(OR(M53="",N53=""),"",(O53*$L$9/N53)) | T53: =IFERROR((G53*$L$8), "") | U53: =IFERROR((G53*$L$9), "") | V53: =IF(OR(E53="",F53=""),"",70000) | W53: =IF(OR(E53="",F53=""),"",(E53-1)*55000) | X53: =SUM(V53:W53) -> 0 | Z53: =IFERROR((O53*$L$8), "") | AA53: =IFERROR((O53*$L$9), "") | AB53: =IF(OR(M53="",N53=""),"",70000) | AC53: =IF(OR(M53="",N53=""),"",(M53-1)*55000) | AD53: =SUM(AB53:AC53) -> 0
C54: ∑ | D54: =COUNTA(D14:D53) -> 0 | E54: =IFERROR((SUM(E14:E53)),"") -> 0 | F54: =IFERROR((SUM(F14:F53)),"") -> 0 | G54: =IFERROR((SUM(G14:G53)),"") -> 0 | H54: =IFERROR((G54*$L$8/F54),"") | I54: =IFERROR((G54*$L$9/F54),"") | K54: ∑ | L54: =COUNTA(L14:L53) -> 0 | M54: =IFERROR((SUM(M14:M53)),"") -> 0 | N54: =IFERROR((SUM(N14:N53)),"") -> 0 | O54: =IFERROR((SUM(O14:O53)),"") -> 0 | P54: =IFERROR((O54*$L$8/N54),"") | Q54: =IFERROR((O54*$L$9/N54),"") | T54: =IFERROR(SUM(T14:T53),"") -> 0 | U54: =IFERROR(SUM(U14:U53),"") -> 0 | V54: =IFERROR(SUM(V14:V53),"") -> 0 | W54: =IFERROR(SUM(W14:W53),"") -> 0 | X54: =IFERROR(SUM(X14:X53),"") -> 0 | Z54: =IFERROR(SUM(Z14:Z53),"") -> 0 | AA54: =IFERROR(SUM(AA14:AA53),"") -> 0 | AB54: =IFERROR(SUM(AB14:AB53),"") -> 0 | AC54: =IFERROR(SUM(AC14:AC53),"") -> 0 | AD54: =IFERROR(SUM(AD14:AD53),"") -> 0
T55: =IFERROR(T54/F54,"") | U55: =IFERROR(U54/G54,"") | V55: Anzahl | W55: Anzahl | Z55: =IFERROR(Z54/L54,"") | AA55: =IFERROR(AA54/M54,"") | AB55: Anzahl | AC55: Anzahl
C56: Ergebnisse / Wohnplätze: | N56: Darlehensförderung | V56: =IFERROR(COUNT(V14:V53),"") -> 0 | W56: =IFERROR(W54/55000,"") -> 0 | X56: =SUM(V56:W56) -> 0 | AB56: =IFERROR(COUNT(AB14:AB53),"") -> 0 | AC56: =IFERROR(AC54/55000,"") -> 0 | AD56: =SUM(AB56:AC56) -> 0
C58: von S. 3 | E58: Wohnungen: | G58: =$V$56+$AB$56 -> 0 | H58: 1. Wohnplatz: | K58: =$V$56+$AB$56 -> 0 | N58: ="=" -> = | O58: =IF(OR(($V$54+$AB$54)=0,($V$54+$AB$54)=""),"",($V$54+$AB$54))
C60: von S. 3 | H60: 2.-x. Wohnplatz: | K60: =$W$56+$AC$56 -> 0 | N60: ="=" -> = | O60: =$W$54+$AC$54 -> 0
C62: von S. 3a | E62: Einzelappartements: | G62: ='Gebäude-3a'!$V$48+'Gebäude-3a'!$Z$48 -> 0 | H62: Wohnplätze: | K62: ='Gebäude-3a'!$V$48+'Gebäude-3a'!$Z$48 -> 0 | N62: ="=" -> = | O62: ='Gebäude-3a'!$V$46+'Gebäude-3a'!$Z$46 -> 0
C64: Summe: | E64: Wohnplätze gesamt: | H64: =$K$58+$K$60+$K$62 -> 0 | N64: ="=" -> = | O64: =SUM(O58:Q62) -> 0
C66: Antragsteller: | E66: =IF(Antrag!D13="","",Antrag!D13) | P66: Seite 3 von Seite 8

Sheet Gebäude-3a
C2: 7.2 | D2: Aufstellung der Wohneinheiten, die zur Förderberechnung dienen / Seite 3 Wohngemeinschaften / Seite 3a Einzelappartements
D3: Hinweis: Bitte erfassen Sie zu jeder einzelnen Wohnung: - Lage im Gebäude = Stockwerk und - Wohnungsnummer = WE-Nr. gem. Raumbuch oder Grundrissplänen. Bitte die Wohnungsgröße gem. WoFl-Verordnung angeben. So kann Ihr Antrag schneller und einfacher bearbeitet werden. Danke.
D5: Welche Miete wird pro m² gem. Mittelzuteilung angesetzt? | K5: ='Gebäude-3'!$L$8 -> 0
D6: Welche Pauschale für Möblierung/Schönheitsreparaturen wird angesetzt? | K6: ='Gebäude-3'!$L$9 -> 0 | L6: =IF($K$6>2.5,"max. 2,50 €/m²","")
C8: Stockwerk | D8: WE-Nr. | E8: B) Einzelappartements | J8: Stockwerk | K8: WE-Nr. | L8: B) Einzelappartements
E9: Wohnfläche in m² gem. WoFlV | F9: max. für Mietansatz (m²) | G9: Miete pro m² | H9: Pauschale/m² | L9: Wohnfläche in m² gem. WoFlV | M9: max. für Mietansatz (m²) | N9: Miete pro m² | O9: Pauschale/m² | T9: Gegentest Miete 1 | U9: Gegentest Pauschale 1 | V9: Darlehensanspruch Einzelappartement | X9: Gegentest Miete 2 | Y9: Gegentest Pauschale 2 | Z9: Darlehensanspruch Einzelappartement
V10: Darlehensanspruch 1. Wohnplat | Z10: Darlehensanspruch 1. Wohnplat
F11: =IF(E11="","",(IF(E11<25,E11,25))) | G11: =IF(E11="","",(F11*$K$5/E11)) | H11: =IF(E11="","",(F11*$K$6/E11)) | M11: =IF(L11="","",(IF(L11<25,L11,25))) | N11: =IF(L11="","",(M11*$K$5/L11)) | O11: =IF(L11="","",(M11*$K$6/L11)) | T11: =IFERROR((F11*$K$5), "") | U11: =IFERROR((F11*$K$6), "") | V11: =IF(E11="","",70000) | X11: =IFERROR((M11*$K$5), "") | Y11: =IFERROR((M11*$K$6), "") | Z11: =IF(L11="","",70000)
F12: =IF(E12="","",(IF(E12<25,E12,25))) | G12: =IF(E12="","",(F12*$K$5/E12)) | H12: =IF(E12="","",(F12*$K$6/E12)) | M12: =IF(L12="","",(IF(L12<25,L12,25))) | N12: =IF(L12="","",(M12*$K$5/L12)) | O12: =IF(L12="","",(M12*$K$6/L12)) | T12: =IFERROR((F12*$K$5), "") | U12: =IFERROR((F12*$K$6), "") | V12: =IF(E12="","",70000) | X12: =IFERROR((M12*$K$5), "") | Y12: =IFERROR((M12*$K$6), "") | Z12: =IF(L12="","",70000)
F13: =IF(E13="","",(IF(E13<25,E13,25))) | G13: =IF(E13="","",(F13*$K$5/E13)) | H13: =IF(E13="","",(F13*$K$6/E13)) | M13: =IF(L13="","",(IF(L13<25,L13,25))) | N13: =IF(L13="","",(M13*$K$5/L13)) | O13: =IF(L13="","",(M13*$K$6/L13)) | T13: =IFERROR((F13*$K$5), "") | U13: =IFERROR((F13*$K$6), "") | V13: =IF(E13="","",70000) | X13: =IFERROR((M13*$K$5), "") | Y13: =IFERROR((M13*$K$6), "") | Z13: =IF(L13="","",70000)
F14: =IF(E14="","",(IF(E14<25,E14,25))) | G14: =IF(E14="","",(F14*$K$5/E14)) | H14: =IF(E14="","",(F14*$K$6/E14)) | M14: =IF(L14="","",(IF(L14<25,L14,25))) | N14: =IF(L14="","",(M14*$K$5/L14)) | O14: =IF(L14="","",(M14*$K$6/L14)) | T14: =IFERROR((F14*$K$5), "") | U14: =IFERROR((F14*$K$6), "") | V14: =IF(E14="","",70000) | X14: =IFERROR((M14*$K$5), "") | Y14: =IFERROR((M14*$K$6), "") | Z14: =IF(L14="","",70000)
F15: =IF(E15="","",(IF(E15<25,E15,25))) | G15: =IF(E15="","",(F15*$K$5/E15)) | H15: =IF(E15="","",(F15*$K$6/E15)) | M15: =IF(L15="","",(IF(L15<25,L15,25))) | N15: =IF(L15="","",(M15*$K$5/L15)) | O15: =IF(L15="","",(M15*$K$6/L15)) | T15: =IFERROR((F15*$K$5), "") | U15: =IFERROR((F15*$K$6), "") | V15: =IF(E15="","",70000) | X15: =IFERROR((M15*$K$5), "") | Y15: =IFERROR((M15*$K$6), "") | Z15: =IF(L15="","",70000)
F16: =IF(E16="","",(IF(E16<25,E16,25))) | G16: =IF(E16="","",(F16*$K$5/E16)) | H16: =IF(E16="","",(F16*$K$6/E16)) | M16: =IF(L16="","",(IF(L16<25,L16,25))) | N16: =IF(L16="","",(M16*$K$5/L16)) | O16: =IF(L16="","",(M16*$K$6/L16)) | T16: =IFERROR((F16*$K$5), "") | U16: =IFERROR((F16*$K$6), "") | V16: =IF(E16="","",70000) | X16: =IFERROR((M16*$K$5), "") | Y16: =IFERROR((M16*$K$6), "") | Z16: =IF(L16="","",70000)
F17: =IF(E17="","",(IF(E17<25,E17,25))) | G17: =IF(E17="","",(F17*$K$5/E17)) | H17: =IF(E17="","",(F17*$K$6/E17)) | M17: =IF(L17="","",(IF(L17<25,L17,25))) | N17: =IF(L17="","",(M17*$K$5/L17)) | O17: =IF(L17="","",(M17*$K$6/L17)) | T17: =IFERROR((F17*$K$5), "") | U17: =IFERROR((F17*$K$6), "") | V17: =IF(E17="","",70000) | X17: =IFERROR((M17*$K$5), "") | Y17: =IFERROR((M17*$K$6), "") | Z17: =IF(L17="","",70000)
F18: =IF(E18="","",(IF(E18<25,E18,25))) | G18: =IF(E18="","",(F18*$K$5/E18)) | H18: =IF(E18="","",(F18*$K$6/E18)) | M18: =IF(L18="","",(IF(L18<25,L18,25))) | N18: =IF(L18="","",(M18*$K$5/L18)) | O18: =IF(L18="","",(M18*$K$6/L18)) | T18: =IFERROR((F18*$K$5), "") | U18: =IFERROR((F18*$K$6), "") | V18: =IF(E18="","",70000) | X18: =IFERROR((M18*$K$5), "") | Y18: =IFERROR((M18*$K$6), "") | Z18: =IF(L18="","",70000)
F19: =IF(E19="","",(IF(E19<25,E19,25))) | G19: =IF(E19="","",(F19*$K$5/E19)) | H19: =IF(E19="","",(F19*$K$6/E19)) | M19: =IF(L19="","",(IF(L19<25,L19,25))) | N19: =IF(L19="","",(M19*$K$5/L19)) | O19: =IF(L19="","",(M19*$K$6/L19)) | T19: =IFERROR((F19*$K$5), "") | U19: =IFERROR((F19*$K$6), "") | V19: =IF(E19="","",70000) | X19: =IFERROR((M19*$K$5), "") | Y19: =IFERROR((M19*$K$6), "") | Z19: =IF(L19="","",70000)
F20: =IF(E20="","",(IF(E20<25,E20,25))) | G20: =IF(E20="","",(F20*$K$5/E20)) | H20: =IF(E20="","",(F20*$K$6/E20)) | M20: =IF(L20="","",(IF(L20<25,L20,25))) | N20: =IF(L20="","",(M20*$K$5/L20)) | O20: =IF(L20="","",(M20*$K$6/L20)) | T20: =IFERROR((F20*$K$5), "") | U20: =IFERROR((F20*$K$6), "") | V20: =IF(E20="","",70000) | X20: =IFERROR((M20*$K$5), "") | Y20: =IFERROR((M20*$K$6), "") | Z20: =IF(L20="","",70000)
F21: =IF(E21="","",(IF(E21<25,E21,25))) | G21: =IF(E21="","",(F21*$K$5/E21)) | H21: =IF(E21="","",(F21*$K$6/E21)) | M21: =IF(L21="","",(IF(L21<25,L21,25))) | N21: =IF(L21="","",(M21*$K$5/L21)) | O21: =IF(L21="","",(M21*$K$6/L21)) | T21: =IFERROR((F21*$K$5), "") | U21: =IFERROR((F21*$K$6), "") | V21: =IF(E21="","",70000) | X21: =IFERROR((M21*$K$5), "") | Y21: =IFERROR((M21*$K$6), "") | Z21: =IF(L21="","",70000)
F22: =IF(E22="","",(IF(E22<25,E22,25))) | G22: =IF(E22="","",(F22*$K$5/E22)) | H22: =IF(E22="","",(F22*$K$6/E22)) | M22: =IF(L22="","",(IF(L22<25,L22,25))) | N22: =IF(L22="","",(M22*$K$5/L22)) | O22: =IF(L22="","",(M22*$K$6/L22)) | T22: =IFERROR((F22*$K$5), "") | U22: =IFERROR((F22*$K$6), "") | V22: =IF(E22="","",70000) | X22: =IFERROR((M22*$K$5), "") | Y22: =IFERROR((M22*$K$6), "") | Z22: =IF(L22="","",70000)
... F45: =IF(E45="","",(IF(E45<25,E45,25))) | G45: =IF(E45="","",(F45*$K$5/E45)) | H45: =IF(E45="","",(F45*$K$6/E45)) | M45: =IF(L45="","",(IF(L45<25,L45,25))) | N45: =IF(L45="","",(M45*$K$5/L45)) | O45: =IF(L45="","",(M45*$K$6/L45)) | T45: =IFERROR((F45*$K$5), "") | U45: =IFERROR((F45*$K$6), "") | V45: =IF(E45="","",70000) | X45: =IFERROR((M45*$K$5), "") | Y45: =IFERROR((M45*$K$6), "") | Z45: =IF(L45="","",70000)
C46: ∑ | D46: =COUNTA(D11:D45) -> 0 | E46: =IFERROR((SUM(E11:E45)),"") -> 0 | F46: =IFERROR((SUM(F11:F45)),"") -> 0 | G46: =IFERROR((F46*$K$5/E46),"") | H46: =IFERROR((F46*$K$6/E46),"") | J46: ∑ | K46: =COUNTA(K11:K45) -> 0 | L46: =IFERROR((SUM(L11:L45)),"") -> 0 | M46: =IFERROR((SUM(M11:M45)),"") -> 0 | N46: =IFERROR((M46*$K$5/L46),"") | O46: =IFERROR((M46*$K$6/L46),"") | T46: =IFERROR(SUM(T11:T45),"") -> 0 | U46: =IFERROR(SUM(U11:U45),"") -> 0 | V46: =IFERROR(SUM(V11:V45),"") -> 0 | X46: =IFERROR(SUM(X11:X45),"") -> 0 | Y46: =IFERROR(SUM(Y11:Y45),"") -> 0 | Z46: =IFERROR(SUM(Z11:Z45),"") -> 0
T47: =IFERROR(T46/E46,"") | U47: =IFERROR(U46/F46,"") | V47: Anzahl | X47: =IFERROR(X46/I46,"") | Y47: =IFERROR(Y46/J46,"") | Z47: Anzahl
C48: Ergebnisse / Wohnflächen | M48: Ø/m² | N48: Miete | O48: Pauschale | V48: =IFERROR(COUNT(V11:V45),"") -> 0 | Z48: =IFERROR(COUNT(Z11:Z45),"") -> 0
C50: von S. 3 | E50: Wohnfläche: | F50: =IFERROR(('Gebäude-3'!$F$54+'Gebäude-3'!$N$54),"") -> 0 | G50: max. Ansatz | I50: =IFERROR(('Gebäude-3'!$G$54+'Gebäude-3'!$O$54),"") -> 0 | K50: (aufgrund 25 m²- Regel) | M50: ="=" -> = | N50: =IFERROR(($K$5*$I$50/$F$50),"") | O50: =IFERROR(($K$6*$I$50/$F$50),"")
C52: von S. 3a | E52: Wohnfläche: | F52: =IFERROR(($E$46+$L$46),"") -> 0 | G52: max. Ansatz | I52: =IFERROR(($F$46+$M$46),"") -> 0 | K52: (aufgrund 25 m²- Regel) | M52: ="=" -> = | N52: =IFERROR(($K$5*$I$52/$F$52),"") | O52: =IFERROR(($K$6*$I$52/$F$52),"")
C54: Summe: | E54: Wohnfläche: | F54: =IFERROR((SUM(F50,F52)),"") -> 0 | G54: max. Ansatz | I54: =IFERROR((SUM(I50+I52)),"") -> 0 | K54: (aufgrund 25 m²- Regel) | M54: ="=" -> = | N54: =IFERROR(($K$5*$I$54/$F$54),"") | O54: =IFERROR(($K$6*$I$54/$F$54),"")
A55: =TODAY() -> 46316
C56: 7.4 Angaben über weitere vermietete Flächen im Objekt, die nicht in diesem Antrag gefördert sind, aber zur Wirtschaftlichkeitsberechnung nötig sind
C58: Art | F58: Anzahl | G58: Gesamtwohn- u. Nutzfläche (m²) | J58: Nettomiete monatl. | L58: durchschn. Miete* | N58: Hinweise zur Art (bitte auswählen):
C59: Wohnung frei finanziert
C60: Wohnung frei finanziert | L60: =IFERROR((((G59*J59)+(G60*J60))/SUM(G59:G60)), "")
C61: Wohnung gefördert
C62: Wohnung gefördert | L62: =IFERROR((((G61*J61)+(G62*J62))/SUM(G61:G62)), "")
C63: Gewerbe
C64: Stellplätze
C65: TG-Plätze
C66: Summen | G66: =SUM(G59:G63) -> 0 | L66: *immer auf die zwei nebenstehenden Posten bezogen
C70: Antragsteller: | E70: =IF(Antrag!D13="","",Antrag!D13) | L70: Seite 3a von Seite 8

Sheet Kosten und Finanzierung
D2: 8. | G2: Aufstellung der Gesamtkosten (inkl. MwSt)
D4: 8.1 | G4: Grundstücks- u. öffentl. Erschließungskosten (KG 100 + 200 ohne KG 120) | Z4: €
D5: 8.2 | G5: Grundstücksnebenkosten (KG 120) | Z5: €
D6: 8.3 | G6: Gebäudeherstellkosten (KG 300 + 400) ggf. gem. Anlage 1 | Z6: €
D7: 8.4 | G7: Gebäudeherstellkosten einer separaten TG (KG 300 + 400) | Z7: €
D8: 8.5 | G8: Kosten der Außenanlage (KG 500 ohne KG 534) | Z8: €
D9: 8.6 | G9: Herstellkosten Stellplätze (KG 534) / Garagen (KG 300) | Z9: €
D10: 8.7 | G10: Baunebenkosten (KG 700 ohne KG 800) | Z10: €
D11: 8.8 | G11: Finanzierungskosten (KG 800) | Z11: €
D12: 8.9 | G12: Gebäuderestwert | Z12: €
D13: 8.10 | G13: Sonstiges: | Z13: €
D15: 8.11 | G15: Summe der Gesamtkosten | W15: =IF(SUM(W4:Y13)=0,"",SUM(W4:Y13)) | Z15: €
G16: FALSE | H16: In der Anlage befinden sich weitere, ergänzende Informationen zu den Gesamtkosten.
D18: 9. | F18: Aufstellung der Finanzierungsmittel (inkl. der beantragten Fördermittel)
D19: 9.1 | G19: Fremdmittel | P19: * bitte voraussichtliche Rangstelle angeben
S20: Nominal | U20: Jahresleistungen
G21: grundbuchlich zu sichern | S21: Ausz. | T21: (€) | U21: Sollzinsen | W21: Tilgung
O22: Rang* | S22: v. H. | U22: v. H. | W22: v.H.
G23: Geldgeber | V23: =IF(OR(T23="",U23=""),"",T23*(U23/100)) | Y23: =IF(OR(T23="",W23=""),"",T23*(W23/100))
D25: 9.1.1 | R25: 0
G27: Geldgeber | V27: =IF(OR(T27="",U27=""),"",T27*(U27/100)) | Y27: =IF(OR(T27="",W27=""),"",T27*(W27/100))
D29: 9.1.2 | R29: 0
G31: Geldgeber | V31: =IF(OR(T31="",U31=""),"",T31*(U31/100)) | Y31: =IF(OR(T31="",W31=""),"",T31*(W31/100))
D33: 9.1.3 | R33: 0
D35: 9.2 | G35: Fördermittel aus diesem Antrag über WIBank
G36: Baudarlehen | T36: =Antrag!AD39 | U36: 0.6 | V36: =IF(OR(T36="",U36=""),"",T36*(U36/100)) | W36: 2 | Y36: =IF(OR(T36="",W36=""),"",T36*(W36/100)) | AC36: =IF(T36="","Bitte auf 'Antrag' das Baudarlehen ankreuzen!","") -> Bitte auf 'Antrag' das Baudarlehen ankreuzen!
AA37: =Antrag!AL39
D38: 9.2.1 | G38: Wohnen Stud./Auszu.
G40: Finanzierungszuschuss | T40: =Antrag!AD42 | U40: 0 | V40: =IF(OR(T40="",U40=""),"",T40*(U40/100)) | W40: 0 | Y40: =IF(OR(T40="",W40=""),"",T40*(W40/100)) | AC40: =IF(T40="","Bitte auf 'Antrag' die Bindungsdauer auswählen!","") -> Bitte auf 'Antrag' die Bindungsdauer auswählen!
AA41: =Antrag!AL42
D42: 9.2.2 | G42: Wohnen Stud./Auszu.
D44: 9.3 | G44: weitere Fördermittel
V45: =IF(OR(T45="",U45=""),"",T45*(U45/100)) | Y45: =IF(OR(T45="",W45=""),"",T45*(W45/100))
D47: 9.3.1
V49: =IF(OR(T49="",U49=""),"",T49*(U49/100)) | Y49: =IF(OR(T49="",W49=""),"",T49*(W49/100))
D51: 9.3.2
D53: 9.4 | G53: Sonstige Fremdmittel (grundbuchlich nicht zu sichern)
G54: Geldgeber | V54: =IF(OR(T54="",U54=""),"",T54*(U54/100)) | Y54: =IF(OR(T54="",W54=""),"",T54*(W54/100))
D56: 9.4.1
G58: Geldgeber | V58: =IF(OR(T58="",U58=""),"",T58*(U58/100)) | Y58: =IF(OR(T58="",W58=""),"",T58*(W58/100))
D60: 9.4.2
D63: 9.5 | G63: Eigenmittel/Eigenleistungen
D64: 9.5.1 | G64: Wert d. Baugrundstücks | V64: =IF(OR(V12=0,T76=0),"","Eigenkapital entspricht") | Y64: =IF(OR(V12=0,T76=0),"",(SUM(O64:S66)+SUM(O69:S73))/T76*100)
G65: (abzügl. Belastungen) | V65: =IF(OR(V12=0,T76=0),"","Eigenleistung entspricht") | Y65: =IF(OR(V12=0,T76=0),"",T75/T76*100)
D66: 9.5.2 | G66: Bargeld und Guthaben | V66: =IF(AND(W15="",T76=0),"",IF(W15<>T76,"Finanzierung ungleich Kosten",""))
D67: 9.5.3 | G67: Selbst- und | V67: =IF(T76<>W15,"Der Gesamtbetrag muss Ziffer 8.11 decken.","")
G68: Verwandtenhilfe | V68: =IF(AND($W$15="",$T$76=0),"",IF($W$15<$T$76,"Überfinanzierung: "&TEXT($T$76-$W$15,"#.###,00 €"),IF($W$15>$T$76,"Unterfinanzierung: "&TEXT($W$15-$T$76,"#.###,00 €"),"")))
B69: =TODAY() -> 46316 | D69: 9.5.4 | G69: Sachleistungen,
G70: bezahlte Baumaterialien
D71: 9.5.5 | G71: Wert verwendeter
G72: Gebäudeteile
D73: 9.5.6 | G73: Sonstige
D75: 9.5.8 | G75: S u m m e der Eigenmittel/-leistungen | T75: =IF(SUM(O64:S73)=0,"",(SUM(O64:S73))) | V75: =IF(OR(T75="",W15=""),"",(SUM(O64:S74))/W15*100)
D76: 9.6 | G76: Gesamtbetrag der Finanzierung | T76: =IF(SUM(T23:T34,T36:T43,T45:T52,T54:T61,O64:S73)=0,"",(SUM(T23:T34,T36:T43,T45:T52,T54:T61,O64:S73))) | U76: =IF($V$75<15,"- Bitte Hinweise zu Eigenmittel/-leistungen in der Richtlinie beachten.","")
D77: 9.7 | G77: Gesamtbetrag der Sollzinsen für Fremdmittel (inkl. Fördermittel) | V77: =IF(SUM(V23:V34,V54:V61,V36:V43,V45:V52)=0,"",(SUM(V23:V34,V54:V61,V36:V43,V45:V52)))
D78: 9.8 | G78: Gesamtbetrag der Tilgung für Fremdmittel (inkl. Fördermittel) | Y78: =IF(SUM(Y23:Z34,Y36:Z43,Y45:Z52,Y54:Z61)=0,"",(SUM(Y23:Z34,Y36:Z43,Y45:Z52,Y54:Z61)))
D79: 9.9 | G79: Gesamtbeträge | T79: Finanzierungsmittel | V79: Sollzinsen | Y79: Tilgung
T80: =T76 | V80: =V77 | Y80: =Y78
D83: Antragsteller: | I83: =IF(Antrag!$D$13="","",Antrag!$D$13) | Y83: Seite 4 von Seite 8

Sheet Wirtschaftlichkeitsberechnung
C1: 10. | D1: Wirtschaftlichkeitsberechnung
C2: 10.1 | D2: Erträge (Mieteinnahmen der Kaltmieten) | AA2: Beträge € jährlich
C3: 10.1.1 | D3: =IF('Gebäude-3'!H64=0,"",('Gebäude-3'!H64)) | F3: geförd. Wohnplätze mit insges. | M3: =IF('Gebäude-3a'!$F$54=0,"",'Gebäude-3a'!$F$54) | P3: tatsächlich vermieteter Wohnfläche | T3: x | U3: ='Gebäude-3a'!N54 | X3: je m² x 12 Monate | AA3: =IF(OR(M3="",U3=""),"",M3*U3*12)
C5: 10.1.2 | D5: =IF(SUM('Gebäude-3a'!F59:F60)=0,"",SUM('Gebäude-3a'!F59:F60)) | F5: nicht geförd. WE mit insges. | M5: =IF(SUM('Gebäude-3a'!$G$59:$G$60)=0,"",SUM('Gebäude-3a'!$G$59:$G$60)) | P5: m² Wohnfläche | T5: x | U5: =IF('Gebäude-3a'!$L$60=0,"", 'Gebäude-3a'!$L$60) | W5: € | X5: je m² x 12 Monate | AA5: =IF(OR(M5="",U5=""),"",M5*U5*12)
C6: 10.1.3 | D6: =IF(SUM('Gebäude-3a'!$F$61:$F$62)=0,"",SUM('Gebäude-3a'!$F$61:$F$62)) | F6: geförd. WE mit insges. | M6: =IF(SUM('Gebäude-3a'!$G$61:$G$62)=0,"",SUM('Gebäude-3a'!$G$61:$G$62)) | P6: m² Wohnfläche | T6: x | U6: =IF('Gebäude-3a'!$L$60=0,"", 'Gebäude-3a'!$L$62) | W6: € | X6: je m² x 12 Monate | AA6: =IF(OR(M6="",U6=""),"",M6*U6*12)
C7: 10.1.4 | D7: =IF(SUM('Gebäude-3a'!$F$63)=0,"",SUM('Gebäude-3a'!$F$63)) | F7: gewerbl. gen. Räume mit insges. | M7: =IF(SUM('Gebäude-3a'!$G$63)=0,"",SUM('Gebäude-3a'!$G$63)) | P7: m² Fläche | T7: x | U7: =IF('Gebäude-3a'!$J$63=0,"", 'Gebäude-3a'!$J$63) | W7: € | X7: je m² x 12 Monate | AA7: =IF(OR(M7="",U7=""),"",M7*U7*12)
C8: 10.1.5 | D8: Einnahmen für (Ein-)Stellplätze/Garagen
D9: =IF(SUM('Gebäude-3a'!$F$64)=0,"",SUM('Gebäude-3a'!$F$64)) | F9: Anzahl Stellplätze | K9: à | L9: =IF('Gebäude-3a'!$J$64=0,"", 'Gebäude-3a'!$J$64) | N9: Anzahl Tiefgarage | R9: =IF(SUM('Gebäude-3a'!$F$65)=0,"",SUM('Gebäude-3a'!$F$65)) | T9: à | U9: =IF('Gebäude-3a'!$J$65=0,"", 'Gebäude-3a'!$J$65) | X9: x 12 Monate | AA9: =IF(AND(D9="",R9=""),"",IF(AND(D9="",R9<>""),R9*U9*12,IF(AND(D9<>"",R9=""),D9*L9*12,IF(AND(D9<>"",R9<>""),(D9*L9+R9*U9)*12,""))))
D10: Jährliche Zusatzeinnahmen für geförderte WE
C11: 10.1.6 | D11: durchschn. Pauschale für Reparaturen u. Möblierung
D12: =IF(SUM(D3:E3)=0,"",SUM(D3:E3)) | F12: geförd. Wohnplätze mit insges. | M12: =IF('Gebäude-3a'!$F$54=0,"",'Gebäude-3a'!$F$54) | P12: tatsächl.verm. Wohnfl. | T12: x | U12: ='Gebäude-3a'!O54 | W12: € | X12: je m² x 12 Monate | AA12: =IF(OR(M12="",U12=""),"",M12*U12*12)
C13: 10.1.7 | D13: sonstige Erträge (Jahresbetrag): | U13: =IF(U12>2.5,"max. 2,50 €/m²","") -> max. 2,50 €/m²
C14: 10.1.8 | D14: Summe der Erträge | AA14: =IF(SUM(AA3:AA8,AA9,AA12:AA13)=0,"",SUM(AA3:AA8,AA9,AA12:AA13))
C16: 10.2 | D16: Aufwendungen
C17: 10.2.1 | D17: Pauschaler Kostenansatz von 20 Prozent des Rohertrags (Summe 8.1.1 bis 8.1.7) für | AA17: =IF(AA14="","",SUM(AA3:AA12)*0.2)
D18: Bewirtschaftungskosten (Verwaltungskosten, Instandhaltungskosten, Mietausfallwagnis)
C19: 10.2.2 | D19: Erbbauzinsen
C20: 10.2.3 | D20: Sonstige Belastungen
C21: 10.2.4 | D21: Summe der Aufwendungen | V21: =IF(AA21="","","entspricht:") | Y21: =IF(OR(AA21="",AA14=""),"",AA21/AA14*100) | AA21: =IF(SUM(AA17:AA20)=0,"",(SUM(AA17:AA20)))
C22: 10.3 | D22: Mietreinertrag (Summe der Erträge abzüglich Summe der Bewirtschaftungskosten) | AA22: =IF(OR(AA14="",AA21=""),"",AA14-AA21)
C23: 10.4 | D23: Kapitaldienst (Gesamtbetrag der Sollzinsen und Tilgung für Fremdmittel inkl. beantragter Fördermittel) | AA23: =IF(SUM('Kosten und Finanzierung'!Y80:Z80,'Kosten und Finanzierung'!V80)=0,"",SUM('Kosten und Finanzierung'!Y80:Z80,'Kosten und Finanzierung'!V80))
C24: 10.5 | D24: =IF(AA24>=0,"Überdeckung (Mietreinertrag abzüglich Kapitaldienst)","Unterdeckung, bitte prüfen und erläutern") -> Überdeckung (Mietreinertrag abzüglich Kapitaldienst) | AA24: =IF(OR(AA22="",AA23=""),"",AA22-AA23)
D25: Hinweis: Sollte sich eine Unterdeckung ergeben ist dies näher zu erläutern
C27: 11. | D27: Mittelbereitstellung
C28: 11.1 | D28: Die Mittelbereitstellung erfolgte mit Schreiben vom: | AA28: bitte als Anlage beifügen!
C29: 11.2 | D29: Die beabsichtigte Nettokaltmiete in €/m² Wohnfläche wurde angegeben mit: | W29: ='Gebäude-3'!$L$8 -> 0
C30: 11.3 | D30: und der Zuschlag für Schönheitsrparaturen und Möblierung: | W30: ='Gebäude-3'!$L$9 -> 0
C31: 11.4 | D31: Die Zuschussmittel wurden aus LuKif zugeteilt: | S31: ja | T31: FALSE | U31: nein | V31: FALSE
C33: 12. | D33: Ihre Erläuterungen zum Antrag:
B35: =TODAY() -> 46316
C39: Antragsteller: | F39: =IF(Antrag!D13="","",Antrag!D13) | Y39: Seite 5 von Seite 8

Sheet Erklärungen - Teil 1
D2: Antragsteller/in: | H2: =IF(Antrag!$D$13="","",Antrag!$D$13)
D4: Objektort und -straße: | H4: =IF(Antrag!$D$24="","",CONCATENATE(Antrag!$D$24,", ",Antrag!$D$26," "))
C6: Verbindliche Erklärungen der Antragsteller/Darlehensnehmer:
D8: 1. Bei Beantragung des Baudarlehens/Finanzierungszuschusses nach den Landesrichtlinien:
D9: Mir/Uns ist bekannt, dass
D10: - | E10: die Antragstellung und Förderzusage auf der Grundlage der Richtlinie des Landes Hessen zur sozialen Mietwohnraumförderung
E11: vom 26.06.2026 (StAnz. 29/2026 S. 627 ff.) erfolgt,
D12: - | E12: mit der Maßnahme nicht vor Aufnahme in das Förderprogramm durch das für das Wohnungswesen zuständige Ministerium begonnen
E13: werden darf,
D14: - | E14: die bei Anmeldung des Bauvorhabens angegebene Einstiegsmiete für die geförderten Wohnungen verbindlich ist,
D15: - | E15: die Wirtschafts- und Infrastrukturbank Hessen berechtigt ist, ein einmaliges Bearbeitungsentgelt von 1 % des bewilligten Darlehens und
E16: 0,5 % des bewilligten Finanzierungszuschusses zu erheben.
D17: - | E17: im Fall der Nichtabnahme der zugesagten Mittel die Wirtschafts- und Infrastrukturbank Hessen eine Entschädigung verlangen kann.
D18: - | E18: die Checkliste zum Antrag auszufüllen und die entsprechenden Nachweise dazu mit dem Förderantrag einzureichen sind.
D21: 2. Bei Beantragung von WIBank-Darlehen aus den Mitteln der KfW:
D22: Für antragstellende Unternehmen: Angaben zur Nachhaltigkeitsberichterstattung
E24: Es liegt ein unabhängiges ESG-Rating (z.B. MSCI ESG Rating, Sustainalytics) oder ein unabhängiger ESG-Report vor.
E25: FALSE | F25: nein | H25: FALSE | I25: ja, bitte angeben:
E27: Das Unternehmen hat einen Nachhaltigkeitsbericht veröffentlicht.
E28: FALSE | F28: nein | H28: FALSE | I28: ja, bitte Bericht anhängen und Folgendes angeben:
F29: - | G29: Letztes Berichterstattungsjahr:
F30: - | G30: Regelmäßigkeit der Veröffentlichung (z.B. jährlich, alle zwei Jahre, etc.):
F31: - | G31: Falls der Nachhaltigkeitsbericht nach anerkannten Nachhaltigkeitsberichterstattungsstandards
G32: (z. B. GRI, SASB, TCFD) erstellt wurde, bitte Standard angeben:
F33: - | G33: Wurde der Nachhaltigkeitsbericht durch die Wirtschaftsprüfung testiert?
G34: Falls ja, bitte Wirtschaftsprüfungsgesellschaft angeben:
D36: Für alle Antragsteller:
D37: Mir/Uns ist bekannt, dass
D38: - | E38: mit der Maßnahme nicht vor Refinanzierung der Darlehen bei der KfW begonnen werden darf.
D39: - | E39: im Fall der Nichtabnahme der zugesagten Mittel die Wirtschafts- und Infrastrukturbank Hessen eine Entschädigung verlangen kann.
D41: - | E41: für die Antragstellung und Zusage der Mittel zusätzlich die Vorgaben des entsprechenden KfW-Programmes gelten.
D43: Datenschutzerklärung für Antragsteller / Mithafter im Rahmen der Sofortbestätigung Light und Sofortbestätigung Plus
D44: sowie der Sofortbestätigung:
D46: - | E46: Ich/Wir nehme(n) zur Kenntnis, dass meine/unsere Daten im Rahmen der Beantragung einer der o. g. Sofortbestätigungen von der KfW und
E47: der Wirtschafts- und Infrastrukturbank Hessen als durchleitendes Kreditinstitut verarbeitet werden. Die Datenschutzgrundsätze der KfW und
E48: die produktspezifischen Datenschutzhinweise der KfW wurden mir/uns zur Verfügung gestellt und ich/wir habe(n) diese zur Kenntnis genommen.
D50: Erklärungen / Einwilligungen für die Refinanzierungszusage von Antragsteller / Mithafter:
D52: - | E52: Ich/Wir bestätige(n) die Richtigkeit und Vollständigkeit der in diesem Antrag gemachten Angaben. Mir/Uns ist bekannt, dass die
E53: Kreditkonditionen zum Zeitpunkt der Erteilung der Kreditzusage der KfW an die Wirtschafts- und Infrastrukturbank Hessen festgelegt werden,
E54: soweit für einzelne Programme nicht ausdrücklich etwas anderes gilt.
D55: - | E55: Zusatz für Anträge auf Kredite aus öffentlichen, insbesondere ERP-Mitteln:
E56: Mir/Uns ist bekannt, dass die vorstehenden Angaben gemäß dem jeweiligen Programm-Merkblatt (bei ERP-Krediten gemäß den
E57: „Allgemeinen Bedingungen für die Vergabe von ERP-Mitteln“ in Verbindung mit den Punkten „Antragsberechtigte“ und „Verwendungszweck“
A58: =TODAY() -> 46316 | E58: der Programmrichtlinien für ERP-Programme) subventionserheblich im Sinne von § 264 StGB in Verbindung mit § 2 Subventionsgesetz sind.
E59: Die „Allgemeinen Bedingungen für die Vergabe von ERP-Mitteln“ sind mir/uns bekannt. Ich/Wir erkläre(n) mich/uns mit diesen Bedingungen
E60: einverstanden.
D61: - | E61: Sofern für das beantragte Förderprodukt eine "Datenliste Subventionserhebliche Tatsachen" vorhanden ist:
E62: Ich/Wir bestätige(n), dass mir/uns die "Datenliste Subventionserhebliche Tatsachen" für das von mir/uns beantragte Produkt/die von mir/uns
E63: beantragten Produkte von der Wirtschafts- und Infrastrukturbank Hessen übergeben wurde. Mir/uns ist bekannt, dass die vorstehenden
E64: Angaben der "Datenliste Subventionserhebliche Tatsachen" für das von mir/uns beantragte Produkt/die von mir/uns beantragten Produkte
E65: subventionserheblich im Sinne von § 264 StGB in Verbindung mit § 2 Subventionsgesetz sind.
D66: - | E66: Ich/Wir versichere/versichern, kein anderes Kreditinstitut mit der Antragstellung betraut zu haben. Ich/Wir verpflichte(n) mich/uns, die
E67: Wirtschafts- und Infrastrukturbank Hessen über die wesentlichen Änderungen der zu diesem Antrag gemachten Angaben, die vor Auszahlung
E69: Antragsteller: | G69: =IF(Antrag!$G$59="","",Antrag!$G$59) | Y69: Seite 6 von Seite 8
D73: Antragsteller/in: | H73: =IF(Antrag!$D$13="","",Antrag!$D$13)
D75: Objektort und -straße: | H75: =IF(Antrag!$D$24="","",CONCATENATE(Antrag!$D$24,", ",Antrag!$D$26," "))
E78: des Darlehens eintreten, unverzüglich und unaufgefordert in Kenntnis zu setzen. Ich/Wir verpflichte(n) mich/uns, die Bereitstellungsprovision
E79: in der programmgemäßen Höhe (vgl. Produkt-Merkblatt) sowie die bei Zusagen der KfW ggf. zu zahlende einmalige Zusagegebühr
E80: in der programmgemäßen Höhe (vgl. Produkt-Merkblatt) an die Wirtschafts- und Infrastrukturbank Hessen zur Weiterleitung an die KfW zu
E81: entrichten. Diese Bereitstellungsprovision sowie bei Zusagen der KfW ggf. die einmalige Zusagegebühr ist auch dann zu zahlen, wenn ich/wir
E82: den beantragten und von der KfW zugesagten Kredit nicht in Anspruch nehme(n), es sei denn, dass ich/wir der Wirtschafts- und Infrastruktur-
E83: bank Hessen innerhalb der für die Berechnung der Bereitstellungsprovision maßgeblichen Frist (vgl. Produkt-Merkblatt) mitteile(n), dass ich/wir
E84: den Kredit nicht in Anspruch nehme(n). Über die Höhe der Bereitstellungsprovision bzw. der Zusagegebühr habe(n) ich/wir mich/uns
E85: anhand des Programm-Merkblattes informiert.
D86: - | E86: Mir/Uns ist bekannt, dass die gegen mich/uns gerichteten Ansprüche aus dem Darlehensvertrag mit der Wirtschafts- und Infrastrukturbank
E87: Hessen bereits mit ihrer Entstehung an die KfW zur Sicherheit abgetreten sind.
D88: - | E88: Ich/Wir nehme(n) zur Kenntnis, dass meine/unsere Daten im Rahmen der Beantragung der Refinanzierungszusage von der KfW und der
E89: Wirtschafts- und Infrastrukturbank Hessen als durchleitendes Kreditinstitut verarbeitet werden. Die produktspezifischen Datenschutzhinweise
E90: der KfW in der zum Zeitpunkt der Anforderung der Sofortbestätigung gültigen Version wurden mir/uns zur Verfügung gestellt
E91: und ich/wir habe(n) diese zur Kenntnis genommen. | AF91: Bei endgültiger Antragstellung ist das Formular auszudrucken, anschließend sind die erforderlichen Original-Unterschriften (ggfs. mit Firmenstempel) vorzunehmen und der gesamte Antrag im Original (über die Wohnraumförderstelle) an die WIBank zu leiten.
E94: Ort / Datum | K94: Unterschrift(en) Antragsteller/Mithafter
D100: 3. Für die Beantragung der Finanzierungsmittel gemäß 1. und 2. sowie der Bürgschaft gilt außerdem:
D101: Mir/Uns ist bekannt, dass
D102: - | E102: für die beantragten Finanzierungsmittel grundsätzlich bankübliche Sicherheiten zu stellen sind.
D103: - | E103: ein Baubuch zu führen ist.
D104: - | E104: die Antragstellung und Zusage der Mittel ggf. auf der Grundlage der Richtlinien des Landes Hessen für die Übernahme von Bürgschaften zur
E105: Sicherung von Investitionen in Wohngebäuden und Gebäuden mit sozialen Einrichtungen einschließlich der Allgemeinen Vertragsbedingungen
E106: (Bürgschaftsrichtlinien) erfolgt.
D107: - | E107: die in diesem Antrag enthaltenen Angaben subventionserheblich im Sinne des § 264 Strafgesetzbuches in Verbindung mit
E108: § 2 des Subventionsgesetzes und dem Hessischen Subventionsgesetz sowie nach § 263 des Strafgesetzbuches in der jeweils
E109: geltenden Fassung sind und falsche Angaben zu einem Strafverfahren führen können.
D110: - | E110: subventionserhebliche Tatsachen, die sich im Laufe der Abwicklung des Vorhabens ändern, der WIBank mitzuteilen sind.
C112: Ich/Wir versicher(e/n)
D113: - | E113: die im Antrag und den beigefügten Unterlagen enthaltenen Angaben nach bestem Wissen und Gewissen richtig gemacht und keine
E114: Tatsachen verschwiegen zu haben, die für die Beurteilung der Förderungswürdigkeit der Maßnahmen und die Beurteilung meiner/unserer
E115: Leistungsfähigkeit und Zuverlässigkeit von Bedeutung sein könnten.
D116: - | E116: dass, sofern Maßnahmen im KfW-Programm „KFN Klimafreundlicher Neubau Wohngebäude (298)" durchgeführt werden, die entsprechenden
E117: Programmanforderungen in der derzeit gültigen Fassung eingehalten werden. Bei Bedarf werden die entsprechenden Nachweise vorgelegt.
D118: - | E118: dass für die Investitionsvorhaben, die aus dem KfW-Programm finanziert werden, keine weiteren Mittel aus diesem Programm für dieselben
E119: Vorhaben – auch nicht über andere Kreditinstitute – beantragt werden bzw. wurden.
C121: Ich/Wir erkläre(n)
D122: - | E122: dass ich/wir die "Datenschutzhinweise für Kunden und andere Betroffene" der WIBank zur Kenntnis genommen habe(n). | AB122: Link
A124: =TODAY() -> 46316
E125: Ort / Datum | AF125: Bei endgültiger Antragstellung ist das Formular auszudrucken, anschließend sind die erforderlichen Original-Unterschriften (ggfs. mit Firmenstempel) vorzunehmen und der gesamte Antrag im Original (über die Wohnraumförderstelle) an die WIBank zu leiten.
E128: Unterschrift Betreuungsunternehmen / Beauftragte(r) | K128: Unterschrift aller Antragsteller gem. Ziffer 5 auf Seite 2
E135: Antragsteller: | G135: =IF(Antrag!$G$59="","",Antrag!$G$59) | Y135: Seite 7 von Seite 8

Sheet Erklärungen - Teil 2
D2: Antragsteller/in: | H2: =IF(Antrag!$D$13="","",Antrag!$D$13)
D4: Objektort und -straße: | H4: =IF(Antrag!$D$24="","",CONCATENATE(Antrag!$D$24,", ",Antrag!$D$26," "))
D7: Bestätigung Architekt/in bzw. Entwurfsverfasser/in:
D9: Architekt/in gem. § 57 Hess. Bauordnung
D11: Name, Vorname | N11: Firma
D14: Straße, Hausnummer | N14: PLZ | P14: Ort
D17: Telefon | I17: Titel | N17: E-Mail-Adresse
D19: Art des Baugenehmigungsverfahrens
D26: Mit der Unterschrift wird bestätigt, dass die Richtlinie in der jeweils gültigen Fassung beachtet wird.
D27: Auf Verlangen der Bewilligungsstelle werden Nachweise vorgelegt.
D29: Ich bestätige, dass ich die öffentlich-rechtlichen Verpflichtungen als Entwurfsverfasser/in aus § 57 HBO für das Vorhaben
D30: übernehme und dass in den beigefügten Bauvorlagen alle öffentlich-rechtlichen Anforderungen eingehalten wurden. Die Bauvorlagen
D31: wurden von mir bzw. unter meiner verantwortlichen Leitung angefertigt. Mir ist bekannt, dass personenbezogene Daten aus dieser
D32: Mitteilung und den vorgelegten Bauvorlagen in Dateien der Gemeinde und der Bauaufsicht gespeichert werden.
T33: Bei endgültiger Antragstellung ist das Formular auszudrucken, anschließend sind die erforderlichen Original-Unterschriften (ggfs. mit Firmenstempel) vorzunehmen und der gesamte Antrag im Original (über die Wohnraumförderstelle) an die WIBank zu leiten.
D36: Ort / Datum | N36: Unterschrift Architekt/in bzw. Entwurfsverfasser/in
D42: Stellungnahme des Magistrats/Kreisausschusses:
D44: Es wird bestätigt, dass
D45: 1. | E45: an dem vorgesehenen Standort Nachfrage an Wohnraum für studentische Haushalte und/oder Haushalte von Auszubildenden besteht.
D46: 2. | E46: die vorgesehene Einstiegsmiete mindestens 20 % unter der sonst für vergleichbaren Wohnraum für Studierende/Auszubildende
E47: am örtlichen Wohnungsmarkt verlangten Miete liegt.
D48: 3. | E48: der Antrag einschließlich Anlagen vollständig ist und die in der maßgeblichen Richtlinie enthaltenen Förderungsvoraussetzungen
E49: erfüllt sind.
D53: Ort / Datum | N53: Unterschrift
A59: =TODAY() -> 46316
D70: Antragsteller: | H70: =IF(Antrag!$G$59="","",Antrag!$G$59) | Q70: Seite 8 von Seite 8

Sheet Checkliste
C1: Checkliste zum Antrag
C4: Wichtige Hinweise:
C5: Sofern die aufgeführten Unterlagen nicht bei Antragstellung vorgelegt werden, wird dies zu Rückfragen führen und die | I5: Bitte kreuzen Sie die Unterlagen je nach Status an bzw. erläutern Sie fehlende Unterlagen. Legen Sie Checkliste unbedingt mit zum Antragpaket. Klären Sie vorab mit Ihrer Wohnraumförderstelle, welche Unterlagen bei der Einreichung der Originalantragstellung mitzuliefern sind bzw. welche Sie ggf. auch direkt an die WIBank leiten können.
C6: Bearbeitungsdauer erheblich verlängern! Anträge mit nicht vollständig beigefügten Unterlagen werden ggf. nachrangig bearbeitet.
C8: Sie können uns die erforderlichen Unterlagen auch direkt in unserem Datenraum zur Verfügung stellen. Zur Freischaltung des
C9: Datenraums wenden Sie sich bitte an Ihre/n Kreditsachbearbeiter/-in oder an die Telefonnummer 069 / 9132-2565.
C12: Finanzierungsnachweise und Unterlagen zu den wirtschaftlichen Verhältnissen | E12: Liegt vor | F12: Fehlt (Bitte unten begründen) | G12: Nicht zutreffend
F13: (bitte Begrün- | G13: zutreffend
F14: dung beifügen)
C15: 1. | D15: Finanzierungsnachweise (verbindliche Zusagen oder Angebote für Kapitalmarkt- und andere Fremdmittel bzw. Zuschüsse) | E15: FALSE | F15: FALSE | G15: FALSE
C16: 2. | D16: Nachweise der Eigenleistung ( z.B. bare Mittel, bezahlte Baumaterialien, bezahltes Grundstück, Ansparung auf Bausparvertrag, Kapitalabfindung, Selbst- und Verwandtenhilfe) | E16: FALSE | F16: FALSE | G16: FALSE
C17: 3. | D17: Nachweis des Grundstückswertes, z. B. durch den Kaufvertrag | E17: FALSE | F17: FALSE | G17: FALSE
C18: 4. | D18: Bei privaten Antragstellern: aktuelle Einkommens- und Vermögensauskunft auf dem Vordruck der Wirtschafts- und Infrastrukturbank Hessen, zeitnahe (letzte 3 Jahre) Einkommensteuerbescheide mit Kopien der zugehörigen Steuererklärungen, zeitnahe Verdienstbescheinigung(en) des Arbeitgebers | E18: FALSE | F18: FALSE | G18: FALSE
C19: 5. | D19: Bei Unternehmen: zeitnahe, geprüfte Bilanzen (letzte 3 Jahre) nebst Prüfungsberichten bzw. Vermögensstatus, Gesellschaftsvertrag mit evtl. Nachträgen, aktueller Handelsregisterauszug oder anderer Nachweis über die Vertretungsberechtigung, soweit diese Unterlagen der WIBank noch nicht vorliegen | E19: FALSE | F19: FALSE | G19: FALSE
C20: 6. | D20: Bei Beantragung von KfW-Darlehen der Vordruck "Bestätigung zum Antrag - BzA" | E20: FALSE | F20: FALSE | G20: FALSE
C21: 7. | D21: Bei Unternehmen und Beantragung von KfW-Mitteln: aktueller Nachhaltigkeitsbericht | E21: FALSE | F21: FALSE | G21: FALSE
C23: Bei Fragen zu den Finanzierungsnachweisen sowie zu den Unterlagen über die wirtschaftlichen Verhältnisse, wenden Sie sich bitte an Ihren Kreditsachbearbeiter oder an die Telefonnummer 069 / 9132-2565.
C25: Muss-Unterlagen zum Bauvorhaben | E25: Liegt vor | F25: Fehlt (Bitte unten begründen)
F26: (bitte Begrün-
F27: dung beifügen)
C28: 1. | D28: Bauschein bzw. Baugenehmigung und bauaufsichtlich genehmigte Pläne soweit vorhanden, bzw. Eingangsbestätigung der Bauaufsichtsbehörde und Bestätigung des Entwurfsverfassers | E28: FALSE | F28: FALSE
C29: 2. | D29: Maßstäbliche Bauzeichnungen (Grundrisse, Schnitte, Ansichten, Freiflächen); für die zu fördernden Wohnungen sind vollständig vermaßte Pläne erforderlich. | E29: FALSE | F29: FALSE
C30: 3. | D30: Wohn- und Nutzflächenberechnung; für die zu fördernden Wohnungen ist diese Berechnung nach der Wohnflächenverordnung mit prüfbaren Rechenansätzen zu erstellen. Hinweise erhalten Sie hier: | E30: FALSE | F30: FALSE
A31: =TODAY() -> 46316 | D31: Hinweise zur Berechnung der förderfähigen Wohnfläche gem. WoFlV.pdf
C32: 4. | D32: Bruttorauminhalt- und Bruttogeschossflächenberechnung (BRI + BGF) sowie Maß der baulichen Nutzung, Grundflächenzahl (GRZ) und Geschossflächenzahl (GFZ) | E32: FALSE | F32: FALSE
C33: 5. | D33: Allgemeine Baubeschreibung einschl. Angabe des Standortes der Heizung und Wahl des Energieträgers | E33: FALSE | F33: FALSE
C34: 6. | D34: Detaillierte Kostenaufstellung nach DIN (als Ergänzung zu den Summenwerten aus 8. Aufstellung Gesamtkosten) | E34: FALSE | F34: FALSE
C35: 7. | D35: Aktueller Grundbuchauszug | E35: FALSE | F35: FALSE
C36: 8. | D36: Aktuelle Liegenschaftskarte mit Eintragung des Bauvorhabens | E36: FALSE | F36: FALSE
C37: 9. | D37: Aktueller Auszug aus dem Baulastenverzeichnis | E37: FALSE | F37: FALSE
C38: 10. | D38: Aktueller Auszug aus dem Altlastenkataster | E38: FALSE | F38: FALSE
C39: 11. | D39: Eintragungsbewilligungen oder Vertragsentwürfe zu Herrschvermerken im Bestandsverzeichnis und zu Eintragungen in Abt. II | E39: FALSE | F39: FALSE
C40: 12. | D40: Bei genossenschaftlichem Wohnungsbau: aktueller Auszug der Satzung und Muster eines Dauernutzungsvertrages | E40: FALSE | F40: FALSE
C41: 13. | D41: Grundstückskaufvertrag | E41: FALSE | F41: FALSE
C42: 14. | D42: Energieausweis oder vorläufig Wärmeschutznachweis | E42: FALSE | F42: FALSE
C43: 15. | D43: Betreiberkonzept inkl. detaillierter Wirtschaftlichkeitsberechnung mit Angaben zu allen Einnahmen und Ausgaben | E43: FALSE | F43: FALSE
D45: =IF(Antrag!$D$13="","",Antrag!$D$13) | G45: Seite 1 von Seite 2
C48: Sofern im Bauvorhaben Gewerbeeinheiten geplant bzw. vorhanden sind, bitte zusätzlich die folgenden Unterlagen vorlegen: | E48: Liegt vor | F48: Fehlt (Bitte unten begründen) | G48: Nicht zutreffend
F49: (bitte Begrün- | G49: zutreffend
F50: dung beifügen)
C51: 1. | D51: Gewerbeflächenberechnung (nach gif-Richtlinie MF-GIF 2023) | E51: FALSE | F51: FALSE | G51: FALSE
C52: 2. | D52: Mieterliste und Gewerbemietverträge sowie eventuell abgeschlossene Zusatzvereinbarungen | E52: FALSE | F52: FALSE | G52: FALSE
C54: Bei Erbbaurechten zusätzlich: | E54: Liegt vor | F54: Fehlt (Bitte unten begründen) | G54: Nicht zutreffend
F55: (bitte Begrün- | G55: zutreffend
F56: dung beifügen)
C57: 1. | D57: Erbbaurechtsvertrag / die Erbbauzinsvereinbarung sowie Nachweise zur aktuellen Erbbauzinshöhe | E57: FALSE | F57: FALSE | G57: FALSE
C59: Bei Bildung von Wohnungseigentum nach WEG sind darüber hinaus noch diese Unterlagen/Nachweise beizufügen: | E59: Liegt vor | F59: Fehlt (Bitte unten begründen) | G59: Nicht zutreffend
F60: (bitte Begrün- | G60: zutreffend
F61: dung beifügen)
C62: 1. | D62: Vollständige Teilungserklärung inkl. Anlagen und Aufteilungspläne | E62: FALSE | F62: FALSE | G62: FALSE
C63: 2. | D63: Nachweis über die Höhe der aktuell vorhandenen Instandhaltungsrücklage | E63: FALSE | F63: FALSE | G63: FALSE
C64: 3. | D64: Letztes Eigentümerversammlungsprotokoll und letzter Wirtschaftsplan | E64: FALSE | F64: FALSE | G64: FALSE
C66: Bei Maßnahmen im Gebäudebestand und/oder sofern sich auf dem zu verpfändenden Grundstück bereits Objekte befinden außerdem: | E66: Liegt vor | F66: Fehlt (Bitte unten begründen) | G66: Nicht zutreffend
F67: (bitte Begrün- | G67: zutreffend
F68: dung beifügen)
C69: 1. | D69: Grundrisse, Ansichten und Schnitte aller Bestandsgebäude | E69: FALSE | F69: FALSE | G69: FALSE
C70: 2. | D70: Bei Umbaumaßnahmen mit Grundrissänderungen: Grundriss- und Schnittzeichnungen mit farbiger Darstellung "Abbruch, Bestand, Neu" | E70: FALSE | F70: FALSE | G70: FALSE
C71: 3. | D71: Wohnflächenberechnung und Berechnung des umbauten Raums | E71: FALSE | F71: FALSE | G71: FALSE
C72: 4. | D72: GFZ-Berechnung (falls vorhanden) | E72: FALSE | F72: FALSE | G72: FALSE
C73: 5. | D73: Ist-Bauzustandsbeschreibung (inkl. durchgeführte Instandhaltungs- und Modernisierungsmaßnahmen) sowie eine Beschreibung der geplanten Modernisierungs-, Instandsetzungs- und Energieeinsparungsmaßnahmen | E73: FALSE | F73: FALSE | G73: FALSE
C74: 6. | D74: Bei nicht gebundenen Mehrfamilienhäusern mit/ohne Gewerbeeinheiten, Vorlage einer Mieterliste (mind. Angabe Wohnflächen, Mieten pro m² WF., Lage) | E74: FALSE | F74: FALSE | G74: FALSE
C75: 7. | D75: Nachweis über Denkmalschutz | E75: FALSE | F75: FALSE | G75: FALSE
C76: 8. | D76: Prüfbare Kostenaufstellung (je Gewerk) / prüfbare Nachweise, z.B. nach DIN 276 sofern Maßnahmen im Bestand durchgeführt werden | E76: FALSE | F76: FALSE | G76: FALSE
C77: 9. | D77: Energieausweis | E77: FALSE | F77: FALSE | G77: FALSE
C78: 10. | D78: Aktuelle Angaben zum Objekt (Vordruck bitte bei uns anfordern) | E78: FALSE | F78: FALSE | G78: FALSE
C80: Bei Fragen oder möglichem Abstimmungsbedarf zu den bautechnischen Unterlagen bitten wir Sie, sich frühzeitig unter der Telefonnummer 069 / 9132-2538 an uns zu wenden.
C82: Begründung zu fehlenden Unterlagen/Nachweisen:
B83: =TODAY() -> 46316
D85: =IF(Antrag!$G$59="","",Antrag!$G$59) | G85: Seite 2 von Seite 2

Sheet Anlage "Bestandsgebäude"
D1: Anlage Bestandsgebäude
D4: Bauherr: | H4: =IF(Antrag!D13=0, "",Antrag!D13)
D5: Bauort: | H5: =IF(Antrag!D24="","",CONCATENATE(Antrag!D24,", ",Antrag!D26," "))
F8: Kostenaufstellung für Maßnahmen an Bestandsgebäuden | AB8: veranschl. Kosten in vollen EUR
F9: Kosten für Maßnahmen an geförderten Wohnungen nach Gewerken ggf. inkl. Nebenkosten
A24: =TODAY() -> 46316
F32: sonstige Kosten
F34: Summe der Kosten | AB34: =SUM(AB32,AB11:AE30) -> 0
E39: Ort, Datum | U39: Unterschrift (Antragsteller/in)
C42: Antragsteller: | G42: =IF(Antrag!$G$59="","",Antrag!$G$59) | AE42: Seite 1 von Seite 1

Sheet DropDowns
A2: private/natürliche Person(en) | D2: Bestandwohnungen
A3: GbR ohne Vertrag | D3: Neubauwohnungen
A4: GbR mit Vertrag
A5: Wohneigentümergemeinschaft | D5: geförderte Bestandwohnungen
A6: GmbH | D6: Neubauwohnungen über sep. Antrag gefördert
A7: GmbH & Co.KG
A8: gGmbH | D8: Bestand
A9: AG | D9: Neubau
A10: SE
A11: OHG | D11: Bestand
A12: KG | D12: Neu
A13: KGaA
A14: e.V.
A15: Stiftung | D15: KFWG
A16: Genossenschaft | D16: KFWG-Q
A17: Sonstige/nicht genannte: bitte Feld rechts ausfüllen | D17: EH 55 - WG
A19: Antragsteller 1
A20: Antragsteller 2 | D20: 10
A21: Antragsteller 3 | D21: 25
A22: Antragsteller 4 | D22: 35
A23: Antragsteller 5
A24: gesetzl. Vertreter 1
A25: gesetzl. Vertreter 2 | D25: 1
A26: gesetzl. Vertreter 3 | D26: 2
A27: gesetzl. Vertreter 4 | D27: 3
A28: gesetzl. Vertreter 5 | D28: 4
D29: 5
A34: Geschäftsführung
A35: wirtschaftlich Berechtigter 1
A36: wirtschaftlich Berechtigter 2
A37: wirtschaftlich Berechtigter 3
A38: fiktiv wirtschaftlich Berechtigter 1
A39: fiktiv wirtschaftlich Berechtigter 2
A40: fiktiv wirtschaftlich Berechtigter 3
